 Dungeon Crawl Stone Soup version 0.31.0-4-g52a2dc7128 (webtiles) character file.

Game seed: 15722939142636396415

430 zazu2006 the Digger (level 6, -2/51 HPs)
             Began as a Gnoll Wanderer on Jan 21, 2024.
             Slain by Pikel
             ... wielding a +0 whip of electrocution
              (8 damage)
             ... on level 4 of the Dungeon.
             The game lasted 00:09:33 (4296 turns).

zazu2006 the Digger (Gnoll Wanderer)                Turns: 4296, Time: 00:09:34

Health: -2/51      AC: 10    Str: 11    XL:     6   Next: 99%
Magic:  3/11       EV:  9    Int: 14    God:
Gold:   157        SH:  0    Dex: 11    Spells: 11/12 levels left

rFire   . . .        a - +0 spear
rCold   + . .        (no shield)
rNeg    . . .        b - +0 scale mail
rPois   .            m - +2 helmet
rElec   .            (no cloak)
rCorr   .            (no gloves)
SInv    .            (no boots)
Will    +....        (no amulet)
Stlth   +            u - ring of protection from cold
HPRegen 0.28/turn    s - ring of willpower
MPRegen 0.12/turn

%: no passive effects
@: very slightly contaminated
A: fangs 1, strong nose, distributed training
a: no special abilities


You were on level 4 of the Dungeon.
You visited 1 branch of the dungeon, and saw 4 of its levels.

You collected 157 gold pieces.

Inventory:

Hand Weapons
 a - a +0 spear (weapon)
Missiles
 g - 2 throwing nets
Armour
 b - a +0 scale mail (worn)
 m - a +2 helmet (worn)
Jewellery
 f - a ring of resist corrosion
 s - a ring of willpower (right hand)
 u - a ring of protection from cold (left hand)
Scrolls
 h - 2 scrolls of identify {unknown}
 i - a scroll of acquirement {unknown}
 k - a scroll of poison {unknown}
 l - a scroll of blinking {unknown}
 n - a scroll of immolation {unknown}
 o - a scroll of vulnerability {unknown}
 p - 2 scrolls of enchant weapon {unknown}
 q - a scroll of amnesia {unknown}
 v - a scroll of teleportation {unknown}
Potions
 c - 2 potions of lignification
 d - 3 potions of curing {unknown}
 e - 3 potions of enlightenment {unknown}
 j - a potion of brilliance {unknown}
 r - 2 potions of might {unknown}
 t - a potion of attraction {unknown}


   Skills:
 + Level 5.1 Fighting
 + Level 2.2 Short Blades
 + Level 2.2 Long Blades
 + Level 2.2 Axes
 + Level 2.2 Maces & Flails
 + Level 5.1 Polearms
 + Level 2.2 Staves
 + Level 2.2 Ranged Weapons
 + Level 2.2 Throwing
 + Level 3.4 Armour
 + Level 2.2 Dodging
 + Level 2.2 Stealth
 + Level 2.2 Shields
 + Level 2.2 Unarmed Combat
 + Level 3.6 Spellcasting
 + Level 1.8 Conjurations
 + Level 1.8 Hexes
 + Level 1.8 Summonings
 + Level 1.8 Necromancy
 + Level 1.8 Translocations
 + Level 1.8 Fire Magic
 + Level 1.8 Ice Magic
 + Level 1.8 Air Magic
 + Level 5.7 Earth Magic
 + Level 1.8 Alchemy
 + Level 2.5 Invocations
 + Level 3.4 Evocations
 + Level 2.0 Shapeshifting


You had 11 spell levels left.
You knew the following spells:

 Your Spells              Type           Power      Damage    Failure   Level
a - Sandblast             Erth           36%        2d10      11%         1

Your spell library contained the following spells:

 Spells                   Type           Power      Damage    Failure   Level
 Magic Dart               Conj           28%        1d4       45%         1
 Slow                     Hex            28%        N/A       45%         1
 Stone Arrow              Conj/Erth      26%        3d8       56%         3
 Searing Ray              Conj           14%        2d5       61%         2
 Confusing Touch          Hex            7%         N/A       83%         3
 Sigil of Binding         Hex            7%         N/A       83%         3
 Vampiric Draining        Necr           7%         2d6       83%         3
 Brom's Barrelling Bould  Conj/Erth      13%        2d4       93%         4
 Fulminant Prism          Conj/Alch      3%         3d5       99%         4


Dungeon Overview and Level Annotations

Branches:
Dungeon (4/15)
 Temple: D:4-7

Altars:

Annotations:
D:4 Pikel


Innate Abilities, Weirdness & Mutations

You have very sharp teeth.
Your uncanny sense of smell can sniff out nearby items.
Your experience applies equally to all skills.


Message History

You miscast Sandblast.
You are very lightly contaminated with residual magic.
Nothing appears to happen.
Pikel hits you but does no damage.
You are electrocuted!!
Casting: Sandblast (safe; 11% risk of failure)
Confirm with . or Enter, or press ? or * to list all spells.
Aiming: Sandblast (safe; 11% risk of failure)
Press: ? - help, Shift-Dir - straight line, f/p - Pikel
Aim: Pikel, wielding a +0 whip of electrocution and wearing a +0 robe (severely wounded, 77% to hit)
The blast of sand hits Pikel.
Pikel is almost dead.
Pikel barely misses you.
Casting: Sandblast (safe; 11% risk of failure)
Confirm with . or Enter, or press ? or * to list all spells.
Aiming: Sandblast (safe; 11% risk of failure)
Press: ? - help, Shift-Dir - straight line, f/p - Pikel
Aim: Pikel, wielding a +0 whip of electrocution and wearing a +0 robe (almost dead, 77% to hit)
The blast of sand hits Pikel.
Pikel is almost dead.
Pikel hits you but does no damage. Pikel closely misses you.
Casting: Sandblast (safe; 11% risk of failure)
Confirm with . or Enter, or press ? or * to list all spells.
Aiming: Sandblast (safe; 11% risk of failure)
Press: ? - help, Shift-Dir - straight line, f/p - Pikel
Aim: Pikel, wielding a +0 whip of electrocution and wearing a +0 robe (almost dead, 77% to hit)
The blast of sand misses Pikel.
Pikel hits you with a +0 whip of electrocution.
You are electrocuted!
* * * LOW HITPOINT WARNING * * *
Casting: Sandblast (safe; 11% risk of failure)
Confirm with . or Enter, or press ? or * to list all spells.
Aiming: Sandblast (safe; 11% risk of failure)
Press: ? - help, Shift-Dir - straight line, f/p - Pikel
Aim: Pikel, wielding a +0 whip of electrocution and wearing a +0 robe (almost dead, 77% to hit)
The blast of sand misses Pikel.
Pikel hits you with a +0 whip of electrocution.
* * * LOW HITPOINT WARNING * * *
You are electrocuted!
You die...
Pikel says, "See you in Hell!"

.# ###..# #....# #
##....# #(...# .
#..###### #....# #.#.##
#..## ##..... #.#.#
##..###...##. #.#.#
##.....####. #.#.#
#..#### ## #.#.# ##>## #
#.#@# #..#
#.#K#####.#########
#.#.#.............## .##
#.#................#
....#..................#
#......(...............
###....................
#....................
##...................


You could see Pikel.

Vanquished Creatures
  4 lemures
  A hound (D:4)
  A gnoll bouda (D:4)
  2 orc priests
  2 iguanas (D:4)
  Jessica (D:3)
  Robin (D:2)
  4 gnolls (D:4)
  6 adders
  A dart slug (D:1)
  2 ribbon worms (D:2)
  8 orcs
  8 bats
  11 endoplasms
  6 giant cockroaches
  10 hobgoblins
  7 jackals
  4 kobolds
  4 quokkas
  8 ball pythons
  4 frilled lizards
  18 goblins
  8 rats
121 creatures vanquished.

Notes
Turn   | Place    | Note
-------+----------+-------------------------------------------
     0 | D:1      | zazu2006 the Gnoll Wanderer began the quest for the Orb.
     0 | D:1      | zazu2006 set off with the following items: a +0 spear, a +0
                  | scale mail, a potion of lignification; and the following
                  | spell memorised: Sandblast; and the following spells
                  | available to memorise: Stone Arrow, Brom's Barrelling
                  | Boulder.
     0 | D:1      | Reached XP level 1. HP: 20/20 MP: 4/4
   183 | D:1      | Reached XP level 2. HP: 26/26 MP: 5/5
   458 | D:1      | Reached XP level 3. HP: 21/31 MP: 7/7
   599 | D:1      | Reached skill level 1 in Invocations
  1020 | D:2      | Reached skill level 1 in Short Blades
  1020 | D:2      | Reached skill level 1 in Long Blades
  1020 | D:2      | Reached skill level 1 in Axes
  1020 | D:2      | Reached skill level 1 in Maces & Flails
  1020 | D:2      | Reached skill level 1 in Staves
  1020 | D:2      | Reached skill level 1 in Ranged Weapons
  1020 | D:2      | Reached skill level 1 in Throwing
  1020 | D:2      | Reached skill level 1 in Dodging
  1020 | D:2      | Reached skill level 1 in Stealth
  1020 | D:2      | Reached skill level 1 in Shields
  1020 | D:2      | Reached skill level 1 in Unarmed Combat
  1030 | D:2      | Reached skill level 1 in Shapeshifting
  1030 | D:2      | Reached XP level 4. HP: 33/38 MP: 6/8
  1092 | D:2      | Noticed Robin
  1250 | D:2      | Reached skill level 1 in Conjurations
  1250 | D:2      | Reached skill level 1 in Hexes
  1250 | D:2      | Reached skill level 1 in Summonings
  1250 | D:2      | Reached skill level 1 in Necromancy
  1250 | D:2      | Reached skill level 1 in Translocations
  1250 | D:2      | Reached skill level 1 in Fire Magic
  1250 | D:2      | Reached skill level 1 in Ice Magic
  1250 | D:2      | Reached skill level 1 in Air Magic
  1250 | D:2      | Reached skill level 1 in Alchemy
  1488 | D:2      | Killed Robin
  1776 | D:2      | Reached XP level 5. HP: 43/43 MP: 6/9
  2693 | D:3      | Noticed Jessica
  2695 | D:3      | Killed Jessica
  3166 | D:4      | Reached XP level 6. HP: 48/50 MP: 5/11
  3263 | D:4      | Noticed Pikel
  3513 | D:4      | Reached skill level 5 in Fighting
  3513 | D:4      | Reached skill level 5 in Polearms
  4296 | D:4      | Slain by Pikel

Illustrated notes

Levels and vault maps discovered:
D:1:      lemuel_arrival_funnel, layout_basic
D:2:      layout_basic, minmay_circle_x, uniq_robin
D:3:      layout_loops_ring, uniq_jessica
D:4:      layout_cave_pods, serial_co_window_serial, co_window_paths_b,
          co_window_paths_a, co_window_paths_b, co_window_corner_a,
          co_window_corner_a, co_window_unsneaky_path_e, co_window_cross_4,
          co_window_broadway_b, co_window_corner_b, co_window_paths_d,
          glass_columns_b, uniq_pikel

Skill      XL: |  1  2  3  4  5  6 |
---------------+-------------------+-----
Invocations    | 1 2 |  2.5
Short Blades   | 1 2 |  2.2
Long Blades    | 1 2 |  2.2
Axes           | 1 2 |  2.2
Maces & Flails | 1 2 |  2.2
Staves         | 1 2 |  2.2
Ranged Weapons | 1 2 |  2.2
Throwing       | 1 2 |  2.2
Dodging        | 1 2 |  2.2
Stealth        | 1 2 |  2.2
Shields        | 1 2 |  2.2
Unarmed Combat | 1 2 |  2.2
Shapeshifting  | 1 2 |  2.0
Spellcasting   | 3 |  3.6
Conjurations   | 1 |  1.8
Hexes          | 1 |  1.8
Summonings     | 1 |  1.8
Necromancy     | 1 |  1.8
Translocations | 1 |  1.8
Fire Magic     | 1 |  1.8
Ice Magic      | 1 |  1.8
Air Magic      | 1 |  1.8
Alchemy        | 1 |  1.8
Armour         | 3 |  3.4
Evocations     | 3 |  3.4
Fighting       | 5 |  5.1
Polearms       | 5 |  5.1
Earth Magic    | |  5.7

Action                     |  1- 3 |  4- 6 || total
---------------------------+-------+-------++-------
  Melee: Spear             |   178 |    74 ||   252
         Bite              |    20 |     7 ||    27
         Punch             |     1 |     1 ||     2
   Cast: Sandblast         |     1 |   150 ||   151
 Armour: Scale mail        |   119 |   143 ||   262
  Dodge: Dodged            |    72 |    81 ||   153
